 Dungeon Crawl Stone Soup version 0.20.1-1-g8b1a95d (webtiles) character file.

439 Mitsuki the Firebug (level 6, -1/32 HPs)
             Began as a Deep Elf Fire Elementalist on Sept 21, 2017.
             Was an Initiate of Vehumet.
             Slain by an orc priest (5 damage)
             ... on level 4 of the Dungeon.
             The game lasted 00:10:39 (5318 turns).

Mitsuki the Firebug (Deep Elf Fire Elementalist)    Turns: 5318, Time: 00:10:40

Health: -1/32      AC:  2    Str:  6    XL:     6   Next: 70%
Magic:  9/14       EV: 14    Int: 21    God:    Vehumet [......]
Gold:   252        SH:  0    Dex: 15    Spells: 10/14 levels left

rFire    . . .     SeeInvis .   r - +0 spear (venom)
rCold    . . .     Gourm    .   (no shield)
rNeg     . . .     Faith    .   a - +0 robe
rPois    .         Spirit   .   (no helmet)
rElec    .         Reflect  .   (no cloak)
rCorr    .         Harm     .   (no gloves)
MR       .....                  (no boots)
Stlth    ++........             (no amulet)
Regen    0.1/turn               (no ring)
MPRegen  0.2/turn               (no ring)

@: no status effects
A: no striking features
a: Renounce Religion


You were on level 4 of the Dungeon.
You worshipped Vehumet.
Vehumet was noncommittal.
You were not hungry.

You visited 2 branches of the dungeon, and saw 5 of its levels.

You collected 252 gold pieces.

Inventory:

Hand Weapons
 r - a +0 spear of venom (weapon)
 s - a +0 quarterstaff
Armour
 a - a +0 robe (worn)
 k - a +0 shield
Jewellery
 t - an uncursed ring of ice {unknown}
Wands
 y - a wand of iceblast (4/15)
 z - a wand of digging (17/24)
Scrolls
 c - 2 scrolls of amnesia {unknown}
 g - a scroll of magic mapping {unknown}
 i - a scroll of immolation {unknown}
 j - 2 scrolls of teleportation {unknown}
 m - 3 scrolls of identify {unknown}
 n - 2 scrolls of remove curse {unknown}
 p - a scroll of enchant weapon {unknown}
 q - 2 scrolls of recharging {unknown}
 u - a scroll of random uselessness {unknown}
Potions
 e - 4 potions of curing {unknown}
 f - a potion of resistance {unknown}
 h - 3 potions of haste {unknown}
 l - a potion of might {unknown}
 o - a potion of magic {unknown}
 v - 2 potions of heal wounds {unknown}
 w - a potion of lignification {unknown}
Books
 b - a book of Flames

   Spells                             Type                      Level
   a - Flame Tongue                   Conjuration/Fire             1
   b - Throw Flame                    Conjuration/Fire             2
   c - Conjure Flame                  Conjuration/Fire             3
   d - Inner Flame                    Hexes/Fire                   3
   e - Sticky Flame                   Conjuration/Fire             4
   f - Fireball                       Conjuration/Fire             5
Comestibles
 d - 5 fruits
 x - 2 meat rations


   Skills:
 + Level 2.3 Armour
 + Level 4.2 Dodging
 - Level 2.4 Stealth
 + Level 4.6 Spellcasting
 + Level 3.3 Conjurations
 + Level 5.2 Fire Magic


You had 10 spell levels left.
You knew the following spells:

 Your Spells              Type           Power        Failure   Level  Hunger
a - Flame Tongue          Conj/Fire      ###..        1%          1    None
b - Conjure Flame         Conj/Fire      ###.....     6%          3    ##.....


Dungeon Overview and Level Annotations

Branches:
Dungeon (4/15)             Temple (1/1) D:4

Altars:
Cheibriados
Dithmenos
Elyvilon
Fedhas
Makhleb
Okawaru
Qazlal
Ru
Trog
Uskayaw
Vehumet
Xom
Zin

Annotations:
D:3 Sigmund


Message History

The flame tongue hits the orc priest.
The orc priest appears unharmed.
The leopard gecko hisses angrily.
Casting: Flame Tongue
Confirm with . or Enter, or press ? or * to list all spells.
Aiming: Flame Tongue
Press: ? - help, Shift-Dir - straight line, f/p - orc priest
Aim: an orc priest, wearing a ring mail and wearing a shiny marble ring The flame tongue hits the orc priest.
The orc priest appears unharmed.
The orc priest hits you.
You barely miss the orc priest.
The orc priest mumbles some strange prayers to Beogh against you.
Beogh smites you!
* * * LOW HITPOINT WARNING * * *
You closely miss the orc priest. The orc priest completely misses you.
You barely miss the orc priest. The orc priest misses you.
The orc priest hits you.
* * * LOW HITPOINT WARNING * * *
The orc priest looks satisfied for a moment.
The orc priest hits you.
You die...

.. .. .# #..#.#
..# .. #..#.#
##..##
#.##.<#.###.....#
#.#............#
.# #.............#
#.# ##
#..#.PoPl.....
#.###.
#....@o......
#.#..
#...P.P.#.### #...
#.......#
#####..###.#######
#..........#
#.####...#.......
###.##
###.#######.


PPPPP# #.# P...P# #.# You could see 2 orc priests and a leopard gecko.

Vanquished Creatures
  The ghost of azteki the Cutter, a novice HuBe of Trog (D:4)
  An orc wizard (D:4)
  3 adders (D:3)
  2 oozes
  A worm (D:2)
  2 dart slugs (D:1)
  4 leopard geckos
  5 orcs
  9 bats
  2 giant cockroaches
  7 goblins
  10 hobgoblins
  2 jackals (D:1)
  7 kobolds
  3 frilled lizards
  A leopard gecko skeleton (D:4)
  7 rats
  2 fungi (D:4)
69 creatures vanquished.

Notes
Turn   | Place    | Note
-------+----------+-------------------------------------------
     0 | D:1      | Mitsuki the Deep Elf Fire Elementalist began the quest for the Orb.
     0 | D:1      | Reached XP level 1. HP: 10/10 MP: 6/6
   255 | D:1      | Reached XP level 2. HP: 15/15 MP: 5/8
   772 | D:1      | Reached XP level 3. HP: 19/19 MP: 7/9
  1042 | D:1      | Learned a level 3 spell: Conjure Flame
  1378 | D:1      | Reached skill level 1 in Armour
  1529 | D:1      | Reached skill level 4 in Fire Magic
  2828 | D:3      | Reached XP level 4. HP: 14/24 MP: 6/10
  3071 | D:3      | Noticed Sigmund
  3175 | D:3      | Found a snail-covered altar of Cheibriados.
  4099 | D:4      | Noticed azteki's ghost (novice HuBe)
  4119 | D:4      | Killed azteki's ghost
  4119 | D:4      | Reached skill level 5 in Fire Magic
  4119 | D:4      | Reached XP level 5. HP: 5/28 MP: 1/13
  4119 | D:4      | Reached XP level 6. HP: 6/32 MP: 1/14
  4874 | D:4      | Found a staircase to the Ecumenical Temple.
  4883 | Temple   | Entered the Ecumenical Temple
  4894 | Temple   | Became a worshipper of Vehumet
  5318 | D:4      | Slain by an orc priest

Skill      XL: |  1  2  3  4 |
---------------+-------------+-----
Armour         | 1 2 |  2.3
Fire Magic     | 4 5 |  5.2
Conjurations   | 2 3 |  3.3
Dodging        | 4 |  4.2
Spellcasting   | 4 |  4.6
Stealth        | |  2.4

Action                   |  1- 3 |  4- 6 || total
-------------------------+-------+-------++-------
Melee: Dagger            |    62 |       ||    62
       Spear             |    31 |    73 ||   104
 Cast: Flame Tongue      |    53 |    21 ||    74
       Conjure Flame     |     1 |     3 ||     4
 Stab: Sleeping          |     1 |     5 ||     6
  Eat: Chunk             |     1 |     3 ||     4
       Bread ration      |     1 |     1 ||     2
       Royal jelly       |       |     1 ||     1
Armor: Robe              |    49 |       ||    49
Dodge: Dodged            |   117 |    32 ||   149
